[Event "ICC tourney 1980 (3 2)"]
[Site "Internet Chess Club"]
[Date "2020.08.28"]
[Round "1"]
[White "BMWHero"]
[Black "TheHidingBishop"]
[Result "1-0"]
[ICCResult "Black resigns"]
[WhiteElo "2616"]
[BlackElo "1673"]
[Opening "Four knights game"]
[ECO "C47"]
[NIC "KP.06"]
[Time "20:01:40"]
[TimeControl "180+2"]

1. e4 e5 2. Nf3 Nc6 3. Nc3 Nf6 4. Be2 Bc5 5. Nxe5 Nxe5 6. d4 Bxd4 7. Qxd4
Nc6 8. Qd1 O-O 9. O-O h6 10. b3 d6 11. Bb2 Re8 12. f3 Be6 13. Qd2 d5 14.
exd5 Nxd5 15. Rad1 Nb6 16. Qf4 Qe7 17. Ne4 Rad8 18. Qg3 {Black resigns} 1-0

[Event "ICC tourney 1980 (3 2)"]
[Site "Internet Chess Club"]
[Date "2020.08.28"]
[Round "1"]
[White "Tombstone"]
[Black "tactics321"]
[Result "0-1"]
[ICCResult "White checkmated"]
[WhiteElo "1547"]
[BlackElo "2239"]
[Opening "Catalan: open, 5.Nf3"]
[ECO "E04"]
[NIC "CA.03"]
[Time "20:01:38"]
[TimeControl "180+2"]

1. d4 Nf6 2. c4 e6 3. Nf3 d5 4. g3 dxc4 5. Bg2 a6 6. Ne5 Bb4+ 7. Bd2 Be7 8.
e3 O-O 9. Nxc4 Ra7 10. a4 b6 11. O-O Bb7 12. Nc3 Bxg2 13. Kxg2 c5 14. dxc5
Bxc5 15. Qe2 Rd7 16. Rad1 Nc6 17. Bc1 Qa8 18. Kg1 Rfd8 19. b3 Qb7 20. Bb2 b5
21. axb5 axb5 22. Nd2 Ne5 23. f4 Neg4 24. Rf3 Rxd2 25. Rxd2 Rxd2 26. Qxd2
Qxf3 27. Qd8+ Bf8 28. Nd1 Nd5 29. Ba3 Qxd1+ 30. Kg2 Ndxe3+ 31. Kh3 Qxd8 32.
Bxf8 Nf2# {White checkmated} 0-1

[Event "ICC tourney 1980 (3 2)"]
[Site "Internet Chess Club"]
[Date "2020.08.28"]
[Round "1"]
[White "Kokoro"]
[Black "steinutz"]
[Result "1-0"]
[ICCResult "Black resigns"]
[WhiteElo "1788"]
[BlackElo "1515"]
[Opening "Scandinavian: Pytel-Wade variation"]
[ECO "B01"]
[NIC "SD.02"]
[Time "20:02:34"]
[TimeControl "180+2"]

1. e4 d5 2. exd5 Qxd5 3. Nc3 Qd6 4. Nf3 c6 5. g3 Nf6 6. d4 Bf5 7. Bf4 Qb4 8.
Rb1 Ne4 9. a3 Nxc3 10. Qd2 Qa5 11. bxc3 Qxa3 12. Rxb7 Qa1+ 13. Ke2 Be6 14.
Bg2 Bc4+ 15. Ke3 Qa6 16. Rxb8+ Rxb8 17. Bxb8 e6 18. Bf4 Be7 19. Ne5 Bd5 20.
Bxd5 exd5 21. Qd3 O-O 22. Qxa6 {Black resigns} 1-0

[Event "ICC tourney 1980 (3 2)"]
[Site "Internet Chess Club"]
[Date "2020.08.28"]
[Round "1"]
[White "Aleksandrov73"]
[Black "Xuanli28"]
[Result "1-0"]
[ICCResult "Black resigns"]
[WhiteElo "2249"]
[BlackElo "1663"]
[Opening "King's Indian: Makagonov system (5.h3)"]
[ECO "E71"]
[NIC "KI.30"]
[Time "20:01:40"]
[TimeControl "180+2"]

1. d4 Nf6 2. c4 g6 3. Nc3 Bg7 4. e4 d6 5. h3 O-O 6. Be3 Nbd7 7. Nf3 e5 8. d5
Ne8 9. g4 b6 10. Bd3 Nc5 11. Bc2 a5 12. Rg1 Bd7 13. h4 f6 14. h5 g5 15. Nd2
h6 16. f3 Qe7 17. b3 Rf7 18. a3 Na6 19. b4 Qd8 20. Rb1 axb4 21. axb4 Bf8 22.
Bd3 Ng7 23. Kf2 Be7 24. Qe2 Qc8 25. Rb3 Rf8 26. Rgb1 Qb8 27. Nf1 Qa7 28. Ra1
Qb7 29. Qb2 Rfb8 30. Rba3 Bc8 31. Kg3 Ra7 32. b5 Rba8 33. bxa6 Rxa6 34. Nb5
Ne8 35. Nd2 Bd7 36. Nb1 Bxb5 37. cxb5 Rxa3 38. Rxa3 Rxa3 39. Qxa3 f5 40.
gxf5 Nf6 41. Qa6 Qb8 42. Kf2 Nxh5 43. Nc3 Qf8 44. Qb7 Bd8 45. Qc8 Kh7 46.
Qd7+ Kh8 47. Na2 Nf6 48. Qc8 g4 49. Nb4 gxf3 50. Nc6 Be7 51. Nxe7
{Black resigns}
1-0

[Event "ICC tourney 1980 (3 2)"]
[Site "Internet Chess Club"]
[Date "2020.08.28"]
[Round "1"]
[White "Joelpaulg"]
[Black "ConnorGo"]
[Result "1-0"]
[ICCResult "Black resigns"]
[WhiteElo "1554"]
[BlackElo "1342"]
[Opening "Ruy Lopez: Berlin defense"]
[ECO "C65"]
[NIC "RL.07"]
[Time "20:01:47"]
[TimeControl "180+2"]

1. e4 e5 2. Nf3 Nc6 3. Bb5 Nf6 4. Bxc6 bxc6 5. d3 d6 6. h3 Be7 7. O-O O-O 8.
Nc3 a5 9. Ne2 c5 10. Ng3 Ne8 11. Nf5 Bxf5 12. exf5 Bf6 13. g4 d5 14. g5 e4
15. gxf6 exf3 16. fxg7 Nxg7 17. Qxf3 Kh8 18. Kh1 Rg8 19. Bh6 Qf6 20. Bxg7+
Rxg7 21. Qxd5 Rag8 22. Rg1 Qh4 23. Qf3 f6 24. Rxg7 Rxg7 25. Rg1 Rxg1+ 26.
Kxg1 Qd4 27. c3 Qa4 28. Qd5 Qd1+ 29. Kg2 Qh5 30. Qd8+ Kg7 31. Qe7+ Kh6 32.
Qxf6+ {Black resigns} 1-0

[Event "ICC tourney 1980 (3 2)"]
[Site "Internet Chess Club"]
[Date "2020.08.28"]
[Round "1"]
[White "vedanta07"]
[Black "londonkid"]
[Result "0-1"]
[ICCResult "White forfeits on time"]
[WhiteElo "1427"]
[BlackElo "1878"]
[Opening "French: exchange variation"]
[ECO "C01"]
[NIC "FR.01"]
[Time "20:01:41"]
[TimeControl "180+2"]

1. e4 e6 2. d4 d5 3. exd5 exd5 4. c4 Nf6 5. Nc3 Bb4 6. Nf3 O-O 7. Be2 dxc4
8. O-O Nbd7 9. Bxc4 Nb6 10. Bd3 Bg4 11. h3 Bh5 12. Be3 Nbd5 13. Nxd5 Qxd5
14. a3 Bd6 15. Be2 Rfe8 16. Re1 h6 17. Rc1 c6 18. Bc4 Qf5 19. Nh4 Qd7 20. g4
Nxg4 21. hxg4 Bxg4 22. Be2 Bxe2 23. Qxe2 Qh3 24. Nf3 Re4
{White forfeits on time}
0-1

[Event "ICC tourney 1980 (3 2)"]
[Site "Internet Chess Club"]
[Date "2020.08.28"]
[Round "1"]
[White "Ayushb"]
[Black "JosephLevine"]
[Result "0-1"]
[ICCResult "White resigns"]
[WhiteElo "1558"]
[BlackElo "1645"]
[Opening "French: exchange variation"]
[ECO "C01"]
[NIC "FR.01"]
[Time "20:01:46"]
[TimeControl "180+2"]

1. e4 e6 2. d4 d5 3. exd5 exd5 4. Bd3 Bd6 5. Nf3 Nf6 6. O-O O-O 7. Bg5 Bg4
8. c3 Nbd7 9. Nbd2 c6 10. Qc2 Qc7 11. Rfe1 Rae8 12. a4 Bf4 13. Bh4 b6 14.
Bg3 c5 15. Bf5 g6 16. Bxg4 Nxg4 17. a5 Bxg3 18. hxg3 f5 19. axb6 axb6 20.
Ng5 cxd4 21. Ne6 Rxe6 22. Rxe6 Nc5 23. Ree1 d3 24. Qd1 Ne4 25. Nxe4 dxe4 26.
Qd2 b5 27. f3 Qb6+ 28. Kh1 e3 29. Qxd3 Nf2+ {White resigns} 0-1

[Event "ICC tourney 1980 (3 2)"]
[Site "Internet Chess Club"]
[Date "2020.08.28"]
[Round "1"]
[White "espark"]
[Black "Zwish"]
[Result "1-0"]
[ICCResult "Black resigns"]
[WhiteElo "1765"]
[BlackElo "1219"]
[Opening "Sicilian: Kan, Maróczy bind (Réti variation)"]
[ECO "B41"]
[NIC "SI.41"]
[Time "20:01:42"]
[TimeControl "180+2"]

1. e4 c5 2. Nf3 e6 3. d4 cxd4 4. Nxd4 a6 5. c4 Qc7 6. Nc3 Nf6 7. Be2 b6 8.
O-O Bb7 9. f3 d6 10. Be3 Be7 11. a4 Nbd7 12. a5 bxa5 13. Nb3 O-O 14. Nxa5
Rfc8 15. Qd2 Rab8 16. Ba7 Ra8 17. Bf2 Rab8 18. b4 Ba8 19. Rfb1 d5 20. Bg3 e5
21. Nxd5 Bxd5 22. exd5 Nb6 23. Nc6 Rb7 24. Bxe5 Qd7 25. Nxe7+ Qxe7 26. Bxf6
Qxf6 27. c5 Nd7 28. c6 Rxb4 29. Qxb4 Ne5 30. Bxa6 {Black resigns} 1-0

[Event "ICC tourney 1980 (3 2)"]
[Site "Internet Chess Club"]
[Date "2020.08.28"]
[Round "1"]
[White "Venom2020"]
[Black "GGuseinov"]
[Result "0-1"]
[ICCResult "White forfeits on time"]
[WhiteElo "1894"]
[BlackElo "2962"]
[Opening "Sicilian: accelerated fianchetto, modern variation with Bc4"]
[ECO "B35"]
[NIC "SI.33"]
[Time "20:01:39"]
[TimeControl "180+2"]

1. e4 c5 2. Nf3 g6 3. d4 cxd4 4. Nxd4 Nc6 5. Nc3 Bg7 6. Be3 Nf6 7. Bc4 Qa5
8. O-O O-O 9. Nb3 Qc7 10. Be2 d6 11. f4 a6 12. a4 Bd7 13. Kh1 Rac8 14. Qd2
Qb8 15. Bf3 Be6 16. Nd4 Bc4 17. Rfe1 Rfd8 18. Qf2 Nd7 19. Rad1 Qc7 20. Nxc6
bxc6 21. Bd4 e5 22. Be3 exf4 23. Bxf4 Ne5 24. Be2 Be6 25. Bxa6 Rb8 26. Rb1
Qa5 27. Bf1 Ng4 28. Qd2 Rxb2 29. Rxb2 Bxc3 30. Qe2 Bxb2 31. Rb1 Bd4 32. Bg3
Be5 33. Be1 Qxa4 {White forfeits on time} 0-1

[Event "ICC tourney 1980 (3 2)"]
[Site "Internet Chess Club"]
[Date "2020.08.28"]
[Round "1"]
[White "rjc64uk"]
[Black "helavir"]
[Result "0-1"]
[ICCResult "White checkmated"]
[WhiteElo "1695"]
[BlackElo "2194"]
[Opening "Caro-Kann: two knights, 3...Bg4"]
[ECO "B11"]
[NIC "CK.01"]
[Time "20:01:49"]
[TimeControl "180+2"]

1. e4 c6 2. Nc3 d5 3. Nf3 Bg4 4. h3 Bxf3 5. Qxf3 Nf6 6. d3 e6 7. g4 d4 8.
Nd1 c5 9. Be2 Nc6 10. a3 Bd6 11. Qg2 e5 12. g5 Nd7 13. Bg4 Qe7 14. Bd2 O-O-O
15. h4 Kb8 16. f3 Nb6 17. Nf2 c4 18. Nd1 cxd3 19. cxd3 Na4 20. Rh2 Nc5 21.
Qe2 Nb3 22. Rb1 Bc7 23. Kf1 Ba5 24. Bxa5 Ncxa5 25. Rf2 h6 26. gxh6 Qxh4 27.
Rh2 Qg5 28. hxg7 Rxh2 29. Qxh2 Nd2+ 30. Ke1 Nxb1 31. Qh8 Qd2+ 32. Kf1 Qxd1+
33. Kg2 Qd2+ 34. Kg3 Qf4+ 35. Kf2 Qg5 36. Bf5 Nc6 37. Bh7 Nd2 38. g8=Q Rxg8
39. Bxg8 Qe3+ 40. Kg3 Qg1+ 41. Kh4 Nxf3+ 42. Kh5 Qg5# {White checkmated} 0-1

[Event "ICC tourney 1980 (3 2)"]
[Site "Internet Chess Club"]
[Date "2020.08.28"]
[Round "1"]
[White "BreatheChessAls"]
[Black "MasterZachary"]
[Result "0-1"]
[ICCResult "White forfeits on time"]
[WhiteElo "1560"]
[BlackElo "2179"]
[Opening "Queen's pawn, Mason variation"]
[ECO "D00"]
[NIC "QP.08"]
[Time "20:01:40"]
[TimeControl "180+2"]

1. d4 d5 2. Bf4 Nf6 3. e3 c5 4. c3 Nc6 5. Nd2 Qb6 6. Qb3 c4 7. Qc2 g6 8. e4
Nxe4 9. Nxe4 Bf5 10. f3 dxe4 11. fxe4 Bg4 12. Bxc4 Bg7 13. Qb3 Qxb3 14. axb3
e5 15. dxe5 Nxe5 16. Bxe5 Bxe5 17. Nf3 Bxf3 18. gxf3 Ke7 19. Ke2 a6 20. Bd5
Rab8 21. h3 Rhd8 22. Rhf1 Bf4 23. Rfd1 Rd7 24. Rd3 Rbd8 25. Rad1 h5 26. Rg1
Kf6 27. Rdd1 Ke5 28. c4 b6 29. Kd3 a5 30. Kc2 Be3 31. Rg2 Kf4 32. Rf1 Rc7
33. Kb1 Rb8 34. Rgf2 Bxf2 35. Rxf2 b5 36. Ka2 bxc4 37. bxc4 Ke3 38. Rc2 Kxf3
39. c5 Kg3 40. Rc3+ Kh4 41. c6 g5 {White forfeits on time} 0-1

[Event "ICC tourney 1980 (3 2)"]
[Site "Internet Chess Club"]
[Date "2020.08.28"]
[Round "1"]
[White "davika21"]
[Black "vyomvidy"]
[Result "0-1"]
[ICCResult "White resigns"]
[WhiteElo "1577"]
[BlackElo "1846"]
[Opening "Ruy Lopez: exchange variation, 5.O-O"]
[ECO "C68"]
[NIC "RL.08"]
[Time "20:01:40"]
[TimeControl "180+2"]

1. e4 e5 2. Nf3 Nc6 3. Bb5 a6 4. Bxc6 dxc6 5. O-O Bg4 6. h3 Bh5 7. g4 Bg6 8.
Nxe5 Bd6 9. Nxg6 hxg6 10. Qf3 Qh4 11. Kg2 Ne7 12. d4 f6 13. Nc3 g5 14. Re1
O-O-O 15. e5 fxe5 16. dxe5 Bc5 17. Qg3 Ng6 18. Ne4 Be7 19. Qxh4 Nxh4+ 20.
Kf1 Nf3 21. Re3 Nxe5 22. Ng3 Bf6 23. Nh5 Ng6 24. Re6 Rd1+ 25. Ke2 Rh1 26.
Nxf6 gxf6 27. Rxf6 Re8+ 28. Be3 Rxa1 29. Rxg6 Rh1 30. Rxg5 Rxh3 31. Rf5 b6
32. g5 c5 33. g6 Rhh8 34. Rg5 Rhg8 35. Kd3 Re6 36. g7 Re7 37. f4 Rexg7 38.
Rxg7 Rxg7 39. f5 Kd7 40. Ke4 Re7+ 41. Kf4 Ke8 42. Bf2 Kf7 43. c3 Re2 44. Bh4
Rxb2 45. Bd8 Rxa2 46. Bxc7 Rb2 47. Ke5 a5 48. Kd5 a4 49. Kc4 a3 50. Bf4 a2
{White resigns}
0-1

[Event "ICC tourney 1980 (3 2)"]
[Site "Internet Chess Club"]
[Date "2020.08.28"]
[Round "1"]
[White "tangent"]
[Black "harkerchess"]
[Result "1-0"]
[ICCResult "Black resigns"]
[WhiteElo "1888"]
[BlackElo "1366"]
[Opening "QGD Slav: 3.Nf3"]
[ECO "D11"]
[NIC "SL.01"]
[Time "20:01:36"]
[TimeControl "180+2"]

1. d4 d5 2. c4 c6 3. Nf3 Nf6 4. Qb3 dxc4 5. Qxc4 Bf5 6. Nc3 e6 7. g3 Be7 8.
Bg2 O-O 9. O-O Ne4 10. Qb3 Qb6 11. Be3 Nd7 12. Rac1 Ndf6 13. Ne5 Rfd8 14. f3
Nxc3 15. bxc3 Nd7 16. Nc4 Qxb3 17. axb3 Nb6 18. Na5 Rd7 19. Bf2 h5 20. e4
Bh7 21. Ra1 Nc8 22. Nc4 Bf6 23. f4 h4 24. g4 g5 25. f5 Kg7 26. Be3 exf5 27.
gxf5 b5 28. Na5 Nb6 29. e5 Bd8 30. Bxc6 Rc8 31. Bxd7 Rxc3 32. f6+ Kh6 33.
Bd2 Rd3 34. e6 Nxd7 35. e7 Bb6 36. Nc6 Bxd4+ 37. Nxd4 Rxd4 38. Bxg5+ Kxg5
39. e8=Q Rg4+ 40. Kf2 Rf4+ 41. Ke2 Re4+ 42. Qxe4 Bxe4 43. Rxa7 Nxf6 44. Rxf7
Ng4 45. Rg1 Kh5 46. Rf4 Nf6 47. Rxf6 h3 48. Rg3 b4 49. Rf8 Bh7 50. Rh8 Kh6
51. Rxh3+ {Black resigns} 1-0

[Event "ICC tourney 1980 (3 2)"]
[Site "Internet Chess Club"]
[Date "2020.08.28"]
[Round "1"]
[White "IndianTerritory"]
[Black "dopolian"]
[Result "0-1"]
[ICCResult "White checkmated"]
[WhiteElo "1715"]
[BlackElo "2064"]
[Opening "Van't Kruijs opening"]
[ECO "E60"]
[Time "20:01:41"]
[TimeControl "180+2"]

1. e3 Nf6 2. d4 g6 3. c4 Bg7 4. Nc3 O-O 5. Nf3 d6 6. Bd3 Nbd7 7. O-O e5 8.
Bd2 c6 9. Qc2 Qc7 10. a3 Nh5 11. dxe5 Nxe5 12. Nxe5 dxe5 13. f3 Be6 14. Rad1
Rad8 15. g4 Nf6 16. g5 Nd7 17. Ne4 Bf5 18. Qa4 Bxe4 19. Bxe4 Nc5 20. Qxa7
Nxe4 21. Ba5 Qe7 22. Bxd8 Rxd8 23. Rxd8+ Qxd8 24. fxe4 Qxg5+ 25. Kh1 Qe7 26.
Rf3 h5 27. Kg2 Qg5+ 28. Rg3 Qe7 29. Kf3 h4 30. Rg2 Kh7 31. c5 Bh6 32. Qa5
Qd7 33. Qd2 Qh3+ 34. Kf2 Qe6 35. b4 Qf6+ 36. Ke2 Bg5 37. a4 Bh6 38. Rf2 Qe6
39. Kf1 Kg7 40. Qd6 Qh3+ 41. Ke2 Qxe3+ 42. Kf1 Bf4 43. Qd8 h3 44. Qh4 Qc1+
45. Ke2 Qd2+ 46. Kf1 Qd1# {White checkmated} 0-1

[Event "ICC tourney 1980 (3 2)"]
[Site "Internet Chess Club"]
[Date "2020.08.28"]
[Round "1"]
[White "TjkTiger"]
[Black "Goran21"]
[Result "1-0"]
[ICCResult "Black checkmated"]
[WhiteElo "2089"]
[BlackElo "2127"]
[Opening "King's Indian: fianchetto, lesser Simagin (Spassky) variation"]
[ECO "E62"]
[NIC "KI.72"]
[Time "20:01:46"]
[TimeControl "180+2"]

1. c4 Nf6 2. Nc3 g6 3. g3 Bg7 4. Bg2 d6 5. d4 O-O 6. Nf3 Nc6 7. O-O Bf5 8.
d5 Na5 9. b3 Ne4 10. Nxe4 Bxa1 11. Nd4 Bxe4 12. Bxe4 c5 13. Nf3 Bg7 14. h4
h6 15. Bd2 b6 16. Qc1 f5 17. Bd3 Kh7 18. h5 g5 19. Qc2 Qd7 20. g4 Kh8 21.
Bxf5 Qe8 22. Be6 Nb7 23. Bc3 Bf6 24. Nd2 Nd8 25. Bf5 e6 26. dxe6 Nxe6 27.
Bxf6+ Rxf6 28. Qb2 Qe7 29. Ne4 Nd4 30. Nxf6 Qxf6 31. Kg2 Rf8 32. e3 Nxf5 33.
Qxf6+ Rxf6 34. gxf5 Rxf5 35. Rd1 Rf6 36. Kg3 Kg7 37. Rd5 Kf7 38. f4 gxf4+
39. exf4 Ke6 40. Kg4 Rf8 41. f5+ Ke7 42. Kf4 a6 43. Rd2 b5 44. Re2+ Kd7 45.
Re6 Rh8 46. Rg6 Rh7 47. Ke4 Re7+ 48. Kf4 Rh7 49. f6 Ke6 50. f7+ Ke7 51.
f8=Q+ Kxf8 52. Rxd6 bxc4 53. bxc4 a5 54. Rc6 Rf7+ 55. Ke5 Rf2 56. Rxc5 Rxa2
57. Kf6 Rf2+ 58. Kg6 a4 59. Ra5 Ra2 60. Kxh6 Kf7 61. Kg5 a3 62. Kf5 Rf2+ 63.
Ke5 a2 64. c5 Rh2 65. Kd6 Rd2+ 66. Kc7 Ke7 67. c6 Rf2 68. h6 Rh2 69. h7 Rxh7
70. Rxa2 Ke6+ 71. Kb8 Kd6 72. c7 Rh2 73. Rxh2 Kd7 74. Rd2+ Kc6 75. c8=Q+ Kb6
76. Qc3 Kb5 77. Rb2+ Ka6 78. Qa3# {Black checkmated} 1-0

[Event "ICC tourney 1980 (3 2)"]
[Site "Internet Chess Club"]
[Date "2020.08.28"]
[Round "1"]
[White "jx4"]
[Black "WR3311"]
[Result "0-1"]
[ICCResult "White resigns"]
[WhiteElo "1318"]
[BlackElo "1484"]
[Opening "QGD Slav: exchange variation, 6.Bf4 Bf5"]
[ECO "D14"]
[NIC "SL.01"]
[Time "20:02:34"]
[TimeControl "180+2"]

1. d4 d5 2. c4 c6 3. Nc3 Nf6 4. cxd5 cxd5 5. Bf4 Nc6 6. Nf3 Bf5 7. e3 e6 8.
Qb3 Qd7 9. Ne5 Qc8 10. Bb5 a6 11. Be2 Be7 12. O-O Nxe5 13. dxe5 Nd7 14. Rac1
Qb8 15. Na4 b5 16. Nc3 O-O 17. Bf3 Nxe5 18. Bxe5 Qxe5 19. Ne2 Rfc8 20. Nd4
Bg6 21. Rc3 Rxc3 22. Qxc3 Qd6 23. Rc1 Kf8 24. a4 bxa4 25. Qa5 Qb4 26. Qc7
Qxb2 27. g3 Qb8 28. Qa5 Bb4 29. Qxa4 Be7 30. Nc6 Qb7 31. Nxe7 Qxe7 32. Kg2
a5 33. Rc6 Qd7 34. Qa3+ Kg8 35. Rc5 a4 36. Rc3 h6 37. Qb4 Qa7 38. Ra3 Qa5
39. Qd4 Bc2 40. h4 Bb3 41. g4 Rc8 42. g5 hxg5 43. hxg5 Qc5 44. Qb2 Qc1 45.
Qxc1 Rxc1 46. Kg3 Rc2 47. Kf4 Ra2 48. Rxa2 Bxa2 49. Bd1 Bb3 50. Be2 a3
{White resigns}
0-1

[Event "ICC tourney 1980 (3 2)"]
[Site "Internet Chess Club"]
[Date "2020.08.28"]
[Round "1"]
[White "kralj8"]
[Black "MrNormalName"]
[Result "0-1"]
[ICCResult "White forfeits on time"]
[WhiteElo "1620"]
[BlackElo "1906"]
[Opening "Ruy Lopez: Berlin defense, Nyholm attack"]
[ECO "C65"]
[NIC "RL.07"]
[Time "20:02:34"]
[TimeControl "180+2"]

1. e4 e5 2. Nf3 Nc6 3. Bb5 Nf6 4. d4 exd4 5. O-O a6 6. Ba4 Be7 7. e5 Ne4 8.
Nxd4 Nc5 9. Bxc6 dxc6 10. Nc3 O-O 11. Be3 Ne6 12. Nf5 Bc5 13. Bxc5 Nxc5 14.
Nd4 Qg5 15. Re1 Bg4 16. Qc1 Qg6 17. Qe3 Rad8 18. Nf3 Bxf3 19. Qxf3 Qxc2 20.
Qe3 Ne6 21. Re2 Qd3 22. Rae1 Qxe3 23. Rxe3 Rd2 24. R3e2 Rfd8 25. h3 Nf4 26.
Rxd2 Rxd2 27. Re4 Nd5 28. e6 fxe6 29. Rxe6 Rxb2 30. Ne4 Rxa2 31. Ng5 Nf6 32.
Re7 Ra1+ 33. Kh2 Rb1 34. Ne6 g6 35. Rg7+ Kh8 36. Rf7 Ng8 37. Ng5 Nf6 38.
Rxf6 Kg7 39. Rf7+ Kg8 40. Rxc7 a5 41. Rc8+ Kg7 42. Ra8 b6 43. Ne6+ Kf6 44.
Nd8 c5 45. Nc6 c4 46. Rf8+ Kg7 47. Rb8 c3 48. Nd4 b5 49. Rb7+ Kf6 50. Rc7 b4
51. Rc5 a4 52. Rc4 a3 {White forfeits on time} 0-1

[Event "ICC tourney 1980 (3 2)"]
[Site "Internet Chess Club"]
[Date "2020.08.28"]
[Round "1"]
[White "MARMAYOGI11"]
[Black "LChessMaster"]
[Result "1-0"]
[ICCResult "Black checkmated"]
[WhiteElo "1605"]
[BlackElo "1610"]
[Opening "Queen's pawn"]
[ECO "A40"]
[NIC "QO.17"]
[Time "20:01:44"]
[TimeControl "180+2"]

1. d4 e6 2. Bf4 f5 3. Nc3 Nf6 4. g3 Bb4 5. Bg2 O-O 6. Bd2 d5 7. Nh3 Nc6 8.
e3 Bd7 9. O-O Be8 10. Nf4 Qe7 11. a3 Bd6 12. Nd3 Ne4 13. Be1 a6 14. f3 Nf6
15. b4 a5 16. b5 Nd8 17. a4 Bh5 18. Qd2 Nf7 19. f4 Ne4 20. Nxe4 fxe4 21. Ne5
Nxe5 22. dxe5 Bb4 23. c3 Bc5 24. Bf2 Bg6 25. Rfc1 Rfd8 26. Qe2 Qf7 27. Bh3
Bf5 28. g4 Bg6 29. Kh1 Bb6 30. Bg3 h5 31. gxh5 Bxh5 32. Qf2 Bf3+ 33. Bg2
Bxg2+ 34. Kxg2 Qh5 35. Rc2 Kf7 36. Qe2 Qxe2+ 37. Rxe2 Bc5 38. Rc1 Ba3 39.
Rcc2 c6 40. c4 d4 41. exd4 Rxd4 42. Bf2 Rd3 43. Rxe4 Rad8 44. c5 Bb4 45.
bxc6 bxc6 46. Rec4 Ra3 47. Bh4 Rd5 48. Bf2 Rxa4 49. Be1 Rd3 50. Kf1 Rda3 51.
Ke2 Bxe1 52. Rxa4 Rxa4 53. Kxe1 Rxf4 54. Ke2 Re4+ 55. Kd3 Rxe5 56. Kd4 Rd5+
57. Kc4 Rh5 58. Ra2 Rh4+ 59. Kc3 Rh5 60. Rxa5 Rxh2 61. Ra6 g5 62. Rxc6 Ke7
63. Rc7+ Kd8 64. Rg7 Rh5 65. Kd4 Rh4+ 66. Ke5 Rc4 67. Kd6 Ke8 68. Kxe6 Kf8
69. Rxg5 Rc1 70. Kd7 Rd1+ 71. Kc7 Ke7 72. Re5+ Kf6 73. Re2 Rc1 74. c6 Kf7
75. Kd7 Rd1+ 76. Kc8 Rc1 77. c7 Kf8 78. Re5 Kf7 79. Kd7 Kf6 80. Re6+ Kf5 81.
Rc6 Rd1+ 82. Ke8 Re1+ 83. Kf7 Rh1 84. c8=Q+ Kf4 85. Rf6+ Kg3 86. Qg8+ Kh2
87. Rh6# {Black checkmated} 1-0

[Event "ICC tourney 1980 (3 2)"]
[Site "Internet Chess Club"]
[Date "2020.08.28"]
[Round "2"]
[White "MasterZachary"]
[Black "WR3311"]
[Result "1-0"]
[ICCResult "Black resigns"]
[WhiteElo "2179"]
[BlackElo "1559"]
[Opening "Sicilian: Najdorf, Byrne (English) attack"]
[ECO "B90"]
[NIC "SI.14"]
[Time "20:13:58"]
[TimeControl "180+2"]

1. e4 c5 2. Nf3 d6 3. d4 cxd4 4. Nxd4 Nf6 5. Nc3 a6 6. Be3 e6 7. f3 Be7 8.
Qd2 Qc7 9. g4 b5 10. O-O-O Bb7 11. g5 Nfd7 12. h4 Nc6 13. h5 Nxd4 14. Bxd4
e5 15. Be3 O-O-O 16. a4 b4 17. Nd5 Bxd5 18. Qxd5 Nb6 19. Bxa6+ Kb8 20. Qb5
Ka7 21. a5 {Black resigns} 1-0

[Event "ICC tourney 1980 (3 2)"]
[Site "Internet Chess Club"]
[Date "2020.08.28"]
[Round "2"]
[White "helavir"]
[Black "Kokoro"]
[Result "1-0"]
[ICCResult "Black resigns"]
[WhiteElo "2197"]
[BlackElo "1785"]
[Opening "Caro-Kann: advance variation"]
[ECO "B12"]
[NIC "CK.04"]
[Time "20:14:47"]
[TimeControl "180+2"]

1. e4 c6 2. d4 d5 3. e5 Bf5 4. Nf3 e6 5. Be2 Ne7 6. c3 Nd7 7. Nh4 h6 8. Nxf5
Nxf5 9. Nd2 c5 10. Nf3 cxd4 11. cxd4 Bb4+ 12. Kf1 Qb6 13. g4 Ne7 14. a3 Qa5
15. Be3 Nc6 16. axb4 Qxb4 17. Kg2 a6 18. Qd2 Qe7 19. Bb5 O-O 20. Bxc6 bxc6
21. Rhc1 Rfc8 22. b4 f6 23. exf6 Qxf6 24. h3 e5 25. dxe5 Nxe5 26. Nxe5 Qe6
27. Qd4 Re8 28. Nxc6 Qg6 29. Qxd5+ Kh8 30. Ne5 Qf6 31. Bd4 Kh7 32. Rc6 Qf5
33. gxf5 {Black resigns} 1-0

[Event "ICC tourney 1980 (3 2)"]
[Site "Internet Chess Club"]
[Date "2020.08.28"]
[Round "2"]
[White "Goran21"]
[Black "davika21"]
[Result "1-0"]
[ICCResult "Black checkmated"]
[WhiteElo "2128"]
[BlackElo "1576"]
[Opening "Ruy Lopez: exchange, Gligoric variation"]
[ECO "C69"]
[NIC "RL.08"]
[Time "20:13:55"]
[TimeControl "180+2"]

1. e4 e5 2. Nf3 Nc6 3. Bb5 a6 4. Bxc6 dxc6 5. O-O f6 6. d4 exd4 7. Nxd4 c5
8. Nb3 Qxd1 9. Rxd1 b6 10. Bf4 Ra7 11. Nc3 Be6 12. a4 a5 13. Nb5 Rb7 14.
Nxc7+ Kf7 15. Nxe6 Kxe6 16. c4 Ne7 17. Rd6+ Kf7 18. Rd8 Ng6 19. Bg3 h5 20.
h3 h4 21. Bh2 Rh5 22. Rd5 Rh8 23. Rad1 Be7 24. Nc1 Nf8 25. Ne2 Ne6 26. f4 g5
27. f5 Nd8 28. e5 fxe5 29. Bxe5 Re8 30. Nc3 Nc6 31. Ne4 Nb4 32. Rd7 Rxd7 33.
Rxd7 Nc6 34. Bc3 Kf8 35. f6 Bd8 36. Nxg5 Nd4 37. Rf7+ Kg8 38. Rg7+ Kh8 39.
Nf7# {Black checkmated} 1-0

[Event "ICC tourney 1980 (3 2)"]
[Site "Internet Chess Club"]
[Date "2020.08.28"]
[Round "2"]
[White "Xuanli28"]
[Black "BreatheChessAls"]
[Result "1-0"]
[ICCResult "Black checkmated"]
[WhiteElo "1668"]
[BlackElo "1534"]
[Opening "Sicilian: Nimzovich-Rossolimo attack (with ...g6, without ...d6)"]
[ECO "B31"]
[NIC "SI.31"]
[Time "20:13:51"]
[TimeControl "180+2"]

1. e4 c5 2. Nf3 Nc6 3. Bb5 g6 4. Bxc6 bxc6 5. O-O Bg7 6. Nc3 d6 7. h3 e6 8.
d3 Ne7 9. Be3 O-O 10. Qd2 Rb8 11. Rab1 f5 12. Bh6 e5 13. Bxg7 Kxg7 14. exf5
Nxf5 15. Ne4 Nd4 16. Nh2 Be6 17. b3 Qe7 18. c3 Nf5 19. f4 Bd5 20. Rbe1 Rbe8
21. fxe5 Qxe5 22. Ng4 Qe7 23. Nef6 Qf7 24. Nxe8+ Rxe8 25. Rxe8 Qxe8 26. Qg5
Qe6 27. c4 Bxg2 28. Kxg2 Qe2+ 29. Rf2 Qxd3 30. Qf6+ Kg8 31. Nh6+ Nxh6 32.
Qf8# {Black checkmated} 1-0

[Event "ICC tourney 1980 (3 2)"]
[Site "Internet Chess Club"]
[Date "2020.08.28"]
[Round "2"]
[White "vyomvidy"]
[Black "Aleksandrov73"]
[Result "1/2-1/2"]
[ICCResult "Game drawn by repetition"]
[WhiteElo "1859"]
[BlackElo "2236"]
[Opening "Dunst (Sleipner, Heinrichsen) opening"]
[ECO "D00"]
[NIC "VO.15"]
[Time "20:13:56"]
[TimeControl "180+2"]

1. Nc3 Nf6 2. d4 d5 3. Bf4 Bf5 4. f3 h6 5. g4 Bh7 6. h4 e6 7. e3 Bd6 8. Nh3
a6 9. Bd3 Bxd3 10. Qxd3 Nc6 11. O-O-O Qe7 12. Bxd6 cxd6 13. Nf4 O-O-O 14. g5
hxg5 15. hxg5 Nd7 16. g6 f5 17. Kb1 Kb8 18. e4 fxe4 19. fxe4 Rxh1 20. Rxh1
Qf6 21. exd5 exd5 22. Ncxd5 Qxd4 23. Ne6 Qxd3 24. cxd3 Rg8 25. Rh7 Nde5 26.
Ndf4 Ne7 27. Rxg7 Rxg7 28. Nxg7 N5xg6 29. Nxg6 Nxg6 30. Kc2 Kc7 31. Nf5 Kc6
32. Nd4+ Kd5 33. Nb3 Nf4 34. Na5 b5 35. Nb3 Ne2 36. Kd2 Nd4 37. Nxd4 Kxd4
38. b4 Ke5 39. Ke3 Kd5 40. a3 Ke5 41. d4+ Kd5 42. Kd3 Ke6 43. Ke4 d5+ 44.
Kf4 Kf6 45. Kg4 Kg6 46. Kf4 Kf6 47. Kg4 Kg6 48. Kf4 Kf6 49. Kg4 Kg6
{Game drawn by repetition}
1/2-1/2